AoeStats
← Ana Catalina

Nomad

508697687Analyzed
4v4 RM · 8d ago on Sep 23, 2026· 47m 52s· 8 players
Game mode
Random Map
Map size
231×231
Population
200
Speed
Normal
Resources
Standard
Victory
Conquest
Starting age
Dark Age
Ending age
Imperial Age
RankedLock teamsTeams togetherTeam positionsShared explorationLock speedFull tech treeHidden civsTurbo modeCheats
Victory
Defeat
🇵🇰 Japanese · Pakistan
831
+14
🇨🇳 Tupi · China
822
+14
🇷🇺 Saxons · Russia
820
+14
🇧🇪 Celts · Belgium
735
+17
🇨🇭 Varangians · Switzerland
797
-16
🇳🇱 Franks · Netherlands
792
-15
🇩🇪 Danes · Germany
760
-14
🇨🇭 Hindustanis · Switzerland
759
-14
madnessss86
4:24 Loom
22:25 Feudal Age
27:29 Town Watch
28:08 Horse Collar
30:51 Castle Age
32:48 Double-Bit Axe
33:11 Heavy Plow
33:45 Scale Barding Armor
33:50 Forging
33:41 Scale Mail Armor
33:42 Padded Archer Armor
33:33 Fletching
36:18 Wheelbarrow
43:14 Squires
43:00 Gambesons
50:09 Imperial Age
MuchJaguar3116
3:51 Loom
17:00 Feudal Age
18:37 Fishing Lines
18:52 Double-Bit Axe
19:27 Horse Collar
19:40 Stone Mining
19:42 Gold Mining
23:42 Castle Age
25:01 Bow Saw
25:19 Medium Warships
25:02 Gillnets
27:23 Wheelbarrow
28:15 Heavy Plow
30:22 Grand Trunk Road
32:01 Fervor
36:11 Murder Holes
36:28 Masonry
39:27 Imperial Age
37:05 Scale Mail Armor
37:16 Man-at-Arms
37:57 Squires
37:18 Pikeman
37:43 Arson
37:23 Elite Skirmisher
37:25 Crossbowman
38:22 Thumb Ring
41:11 Chemistry
40:32 Ballistics
41:15 Two-Man Saw
40:56 Stone Shaft Mining
41:01 Gold Shaft Mining
41:00 Hand Cart
40:30 Town Watch
41:10 Careening
41:10 Clinker Construction
42:18 Town Patrol
45:56 Siege Engineers
TEAM MBG
3:07 Loom
14:44 Feudal Age
16:04 Wheelbarrow
15:17 Double-Bit Axe
15:41 Fishing Lines
18:34 Gold Mining
35:26 Stone Mining
39:09 Castle Age
40:10 Hand Cart
40:13 Bow Saw
46:05 Fletching
46:05 Ordonnance Companies
Ana Catalina
6:24 Loom
19:21 Feudal Age
25:03 Castle Age
22:57 Stone Mining
23:13 Double-Bit Axe
23:40 Town Watch
29:38 Fletching
43:52 Ballistics
Hymoteptep
4:43 Loom
13:06 Feudal Age
13:39 Gold Mining
13:41 Double-Bit Axe
15:59 Fishing Lines
17:25 Town Watch
22:34 Castle Age
20:26 Fletching
23:33 Medium Warships
24:24 Bodkin Arrow
24:53 Bow Saw
25:59 Ballistics
26:46 Gold Shaft Mining
27:51 Wheelbarrow
31:31 Gillnets
40:42 Imperial Age
38:31 Hand Cart
38:20 Town Patrol
38:32 Forging
38:31 Scale Barding Armor
39:26 Husbandry
40:06 Fortified Wall
41:15 Iron Casting
41:03 Chain Barding Armor
42:35 Cavalier
45:32 Blast Furnace
44:39 Paladin
ALAM-THE-GHAZAI
6:09 Loom
16:15 Feudal Age
18:21 Wheelbarrow
18:04 Double-Bit Axe
19:37 Fletching
19:38 Town Watch
22:19 Castle Age
21:30 Forging
21:49 Stone Mining
21:51 Gold Mining
27:28 Fishing Lines
31:43 Hand Cart
32:29 Bow Saw
32:22 Bodkin Arrow
32:27 Padded Archer Armor
32:15 Treadmill Crane
33:08 Murder Holes
35:54 Horse Collar
39:41 Imperial Age
37:52 Leather Archer Armor
38:54 Town Patrol
40:08 Heavy Plow
41:39 Chemistry
40:09 Capped Ram
41:01 Yasama
42:30 Ring Archer Armor
42:00 Bracer
44:04 Fortified Wall
43:53 Elite Samurai
44:58 Conscription
47:05 Kataparuto
JoelReagan
3:45 Loom
18:39 Feudal Age
22:09 Double-Bit Axe
22:05 Horse Collar
22:17 Gold Mining
22:18 Stone Mining
27:46 Champi Runner
41:40 Castle Age
40:18 Fletching
40:28 Padded Archer Armor
40:39 Forging
40:30 Scale Mail Armor
43:02 Bow Saw
44:18 Crossbowman
45:30 Squires
Light
3:12 Loom
14:22 Feudal Age
14:49 Double-Bit Axe
19:25 Castle Age
17:38 Horse Collar
17:59 Stone Mining
18:02 Gold Mining
19:49 Fletching
19:45 Town Watch
23:02 Bodkin Arrow
30:13 Bow Saw
34:28 Heavy Plow
35:25 Wheelbarrow
36:00 Squires
35:46 Arson
35:46 Gambesons
37:01 Hand Cart
40:28 Imperial Age
39:09 Murder Holes
39:34 Ballistics
39:25 Fortified Wall
39:32 Forging
39:27 Scale Barding Armor
40:50 Iron Casting
40:13 Treadmill Crane
40:43 Masonry
40:51 Husbandry
41:02 Bloodlines
40:57 Scale Mail Armor
40:26 Light Cavalry
42:32 Chemistry
41:48 Siege Engineers
42:17 Crop Rotation
42:50 Two-Man Saw
41:21 Shield Wall
42:22 Conscription
41:24 Elite Hearth Troop
43:09 Chain Mail Armor
44:51 Plate Mail Armor
45:10 Elite Varangian Guard
45:10 Man-at-Arms
45:10 Pikeman
47:34 Capped Ram
Connection lost

Rejoining the realm…

Still unreachable

The connection could not be restored.

Session expired

The server has moved on; the page needs a fresh start.